 Dungeon Crawl Stone Soup version 0.17.0-28-g6e173f8 (webtiles) character file.

931 dohliylev the Thaumaturge (level 7, 0/37 HPs)
             Began as a Deep Elf Summoner on Dec 3, 2015.
             Was a Follower of Sif Muna.
             Killed from afar by Pikel (23 damage)
             ... with a wand of lightning
             ... on level 6 of the Dungeon.
             The game lasted 00:40:40 (7068 turns).

dohliylev the Thaumaturge (Deep Elf Summoner)       Turns: 7068, Time: 00:40:40

Health: 0/37       AC:  1    Str:  5    XL:     7   Next: 86%
Magic:  2/20       EV: 13    Int: 22    God:    Sif Muna [*.....]
Gold:   261        SH:  0    Dex: 15    Spells: 4 memorised, 10 levels left

rFire  . . .     SeeInvis .     u - +2 quarterstaff (chaos)
rCold  . . .     Clarity  .     a - +0 robe
rNeg   . . .     SustAt   .     (shield currently unavailable)
rPois  .         Gourm    .     (no helmet)
rElec  .         Spirit   .     v - +0 cloak (curse)
rCorr  .         Warding  .     n - +0 pair of gloves
rMut   .         Stasis   .     (no boots)
MR     .....                    (no amulet)
Stlth  ++........               (no ring)
                                f - -3 ring of protection (curse)

@: not resistant to hostile enchantments, unstealthy
A: no striking features
a: Channel Energy, Renounce Religion


You were on level 6 of the Dungeon.
You worshipped Sif Muna.
Sif Muna was aware of your devotion.
You were not hungry.

You visited 2 branches of the dungeon, and saw 7 of its levels.

You collected 261 gold pieces.

Inventory:

Hand Weapons
 q - a +2 mace of holy wrath
 u - a +2 quarterstaff of chaos (weapon)
 E - a +2 vampiric short sword
 H - a +2 dagger of draining
Armour
 a - a +0 robe (worn)
 n - a +0 pair of gloves (worn)
 v - a cursed +0 cloak (worn)
 A - a +2 leather armour of fire resistance
 B - a +0 buckler
Jewellery
 f - a cursed -3 ring of protection (left hand)
Scrolls
 d - a scroll of recharging {unknown}
 e - a scroll of magic mapping {unknown}
 h - a scroll of noise {unknown}
 j - a scroll of blinking {unknown}
 m - 6 scrolls of remove curse {unknown}
 o - 5 scrolls of identify {unknown}
 r - 2 scrolls of immolation {unknown}
 w - a scroll of amnesia {unknown}
 y - a scroll of enchant weapon {unknown}
Potions
 g - 3 potions of curing {unknown}
 i - a potion of brilliance {unknown}
 k - a potion of lignification {unknown}
 s - a potion of flight {unknown}
 t - 2 potions of agility {unknown}
 z - a potion of magic {unknown}
 C - a potion of heal wounds
 F - a potion of poison {unknown}
Books
 b - a book of Callings

   Spells                             Type                      Level
   a - Summon Small Mammal            Summoning                    1
   b - Call Imp                       Summoning                    2
   c - Call Canine Familiar           Summoning                    3
   d - Summon Guardian Golem          Hexes/Summoning              3
   e - Summon Lightning Spire         Summoning/Air                4
   f - Summon Ice Beast               Ice/Summoning                4
Comestibles
 c - 2 bread rations
 l - 2 beef jerkies
 p - 5 meat rations
 x - a royal jelly
 D - a fruit
 G - a chunk of flesh


   Skills:
 + Level 0.4 Fighting
 + Level 2.9 Dodging
 + Level 2.8 Stealth
 + Level 8.3 Spellcasting
 + Level 1.6 Hexes
 + Level 7.5 Summonings
 + Level 2.1 Ice Magic
 + Level 1.2 Air Magic


You had 10 spell levels left.
You knew the following spells:

 Your Spells              Type           Power        Failure   Level  Hunger
a - Summon Small Mammal   Summ           ####         1%          1    None
b - Summon Guardian Gole  Hex/Summ       ####....     3%          3    None
c - Summon Lightning Spi  Summ/Air       ####....     14%         4    ###....
d - Summon Ice Beast      Ice/Summ       ####....     12%         4    ###....


Dungeon Overview and Level Annotations

Branches:
Dungeon (6/15)             Temple (1/1) D:4

Altars:
Cheibriados
Dithmenos
Elyvilon
Gozag
Makhleb
Nemelex Xobeh
Okawaru
Ru
Sif Muna

Annotations:
D:3 Grinder
D:6 Pikel


Message History

The slave closely misses your ice beast.
Your lightning spire shoots out a bolt of lightning at the slave!
The bolt of electricity hits the slave.
The slave dies!
Pikel zaps a wand.
The bolt of lightning hits your ice beast.
Your ice beast dies!
The bolt of lightning hits your lightning spire.
Your lightning spire completely resists.
The bolt of lightning misses you.
It is a wand of lightning.
The slave hits your lightning spire but does no damage.
Your lightning spire shoots out a bolt of lightning at Pikel!
The bolt of electricity hits Pikel.
The slave hits your lightning spire but does no damage.
The slave hits your lightning spire but does no damage.
Pikel says, "You'll feel the lick of my whip!"
Some of the chunks of flesh in your inventory have rotted away.
Pikel zaps a wand.
The bolt of lightning hits you!
Ouch! That really hurt!
You die...

#..p..........
#.............
#....K...####.
#.....p###
#.....##
#..p.## ##..##
#..# #.@+ ##.#
#.# #.. ##. #.
#


You could see Pikel and a slave.

Vanquished Creatures
  An ooze (D:5)
  A giant gecko (D:4)
2 creatures vanquished.

Vanquished Creatures (collateral kills)
  Prince Ribbit (D:5)
  Sigmund (D:3)
  A slave (D:6)
  A black bear (D:5)
  4 ogres
  Blork the orc (D:5)
  3 orc wizards
  A giant frog zombie (D:5)
  2 hounds (D:4)
  Crazy Yiuf (D:3)
  A giant frog skeleton (D:5)
  Ijyb (D:3)
  2 centaur skeletons (D:4)
  2 orc priests
  3 worker ants
  9 adders
  3 shadow imps (D:5)
  An ooze (D:3)
  A worm (D:3)
  5 giant geckos
  11 orcs
  A ball python (D:4)
  7 bats
  6 giant cockroaches
  4 hobgoblins
  A jackal (D:2)
  A giant gecko skeleton (D:4)
  4 giant newts
  6 goblins
  8 kobolds
  5 rats
98 creatures vanquished.

Vanquished Creatures (others)
  The ghost of gorblad the Protected, a novice GrFi of Dithmenos (D:5)
1 creature vanquished.

Grand Total: 101 creatures vanquished

Notes
Turn   | Place    | Note
--------------------------------------------------------------
     0 | D:1      | dohliylev the Deep Elf Summoner began the quest for the Orb.
     0 | D:1      | Reached XP level 1. HP: 10/10 MP: 6/6
   552 | D:1      | Reached XP level 2. HP: 15/15 MP: 4/8
  1983 | D:2      | Reached skill level 5 in Summonings
  1998 | D:2      | Reached XP level 3. HP: 19/19 MP: 2/10
  2323 | D:2      | Learned a level 3 spell: Summon Guardian Golem
  2660 | D:3      | Noticed Ijyb
  2731 | D:3      | Killed Ijyb
  2881 | D:3      | Reached XP level 4. HP: 22/24 MP: 1/12
  2918 | D:3      | Noticed Sigmund
  3009 | D:3      | Killed Sigmund
  3009 | D:3      | Reached skill level 5 in Spellcasting
  3009 | D:3      | Reached XP level 5. HP: 11/28 MP: 2/14
  3235 | D:3      | Found a shadowy altar of Dithmenos.
  3236 | D:3      | Noticed Grinder
  3251 | D:3      | Paralysed by Grinder for 5 turns
  3320 | D:3      | Paralysed by Grinder for 5 turns
  3482 | D:3      | Noticed Crazy Yiuf
  3501 | D:3      | Killed Crazy Yiuf
  3501 | D:3      | Reached skill level 1 in Hexes
  3729 | D:4      | Noticed an ogre
  3738 | D:4      | Noticed an ogre
  3772 | D:4      | Killed an ogre
  3772 | D:4      | Reached skill level 6 in Summonings
  3809 | D:4      | Killed an ogre
  3809 | D:4      | Reached XP level 6. HP: 32/32 MP: 3/17
  3953 | D:4      | Learned a level 4 spell: Summon Lightning Spire
  3958 | D:4      | Learned a level 4 spell: Summon Ice Beast
  4013 | D:4      | Found a staircase to the Ecumenical Temple.
  4052 | Temple   | Entered the Ecumenical Temple
  4062 | Temple   | Became a worshipper of Sif Muna the Loreminder
  5187 | D:5      | Entered Level 5 of the Dungeon
  5192 | D:5      | Reached skill level 7 in Spellcasting
  5219 | D:5      | Noticed gorblad's ghost (novice GrFi)
  5673 | D:5      | Noticed Blork the orc
  5816 | D:5      | Noticed a spatial vortex
  5818 | D:5      | Reached skill level 1 in Ice Magic
  5818 | D:5      | Reached XP level 7. HP: 37/37 MP: 6/19
  5866 | D:5      | Killed Blork the orc
  6405 | D:5      | Reached * piety under Sif Muna
  6600 | D:5      | Killed gorblad's ghost
  6600 | D:5      | Reached skill level 1 in Air Magic
  6764 | D:5      | Noticed Prince Ribbit
  6972 | D:5      | Killed Prince Ribbit
  6972 | D:5      | Reached skill level 8 in Spellcasting
  7051 | D:6      | Noticed Pikel
  7068 | D:6      | Killed from afar by Pikel

Action                   |  1- 3 |  4- 6 |  7- 9 || total
-------------------------+-------+-------+-------++-------
Melee: Unarmed           |     5 |       |       ||     5
       Mace              |     1 |     2 |       ||     3
       Quarterstaff      |       |     2 |       ||     2
 Cast: Summon Small Mamm |   150 |   114 |    17 ||   281
       Summon Guardian G |     4 |    13 |     3 ||    20
       Summon Ice Beast  |       |    16 |    29 ||    45
       Summon Lightning  |       |    11 |     5 ||    16
 Stab: Sleeping          |     2 |       |       ||     2
  Eat: Chunk             |     6 |     9 |     6 ||    21
       Bread ration      |       |     1 |       ||     1
